 Dungeon Crawl Stone Soup version 0.21.1-1-g345015f (webtiles) character file.

74 tyranidshit the Skirmisher (level 4, 0/39 HPs)
             Began as a Demonspawn Abyssal Knight on July 26, 2018.
             Was a Believer of Lugonu.
             Slain by Natasha (1 damage)
             ... on level 2 of the Dungeon.
             The game lasted 00:03:30 (807 turns).

tyranidshit the Skirmisher (DsAK)                    Turns: 807, Time: 00:03:31

Health: 0/39       AC:  5    Str: 13 (14) XL:     4   Next: 10%
Magic:  5/5        EV: 11    Int: 10 (13) God:    Lugonu [**....]
Gold:   70         SH:  0    Dex:  9 (12) Spells: 3/3 levels left

rFire    . . .     SeeInvis .   a - +1 hand axe
rCold    . . .     Gourm    .   (no shield)
rNeg     . . .     Faith    .   b - +0 leather armour
rPois    .         Spirit   .   (no helmet)
rElec    .         Reflect  .   (no cloak)
rCorr    .         Harm     .   (no gloves)
MR       .....                  (no boots)
Stlth    ..........             (no amulet)
HPRegen  0.13/turn              h - ring of loudness (curse)
MPRegen  0.09/turn              (no ring)

@: slowed, very slow
A: slimy green scales 1
a: Depart the Abyss, Bend Space, Renounce Religion


You were on level 2 of the Dungeon.
You worshipped Lugonu.
Lugonu was pleased with you.
You were not hungry.

You visited 1 branch of the dungeon, and saw 2 of its levels.
You visited the Abyss 1 time.

You collected 70 gold pieces.

Inventory:

Hand Weapons
 a - a +1 hand axe (weapon)
Armour
 b - a +0 leather armour (worn)
Jewellery
 h - a cursed ring of loudness (left hand)
Scrolls
 e - a scroll of amnesia
 f - 2 scrolls of identify
 g - 4 scrolls of teleportation
Comestibles
 c - 2 rations


   Skills:
 + Level 5.0 Fighting
 - Level 1.7 Axes
 - Level 1.7 Armour
 - Level 0.8 Dodging
 - Level 2.4 Invocations


You had 3 spell levels left.
You didn't know any spells.

Dungeon Overview and Level Annotations

Branches:
Dungeon (2/15)

Altars:

Annotations:
D:2 Natasha


Innate Abilities, Weirdness & Mutations

You are partially covered in slimy green scales. (AC +2)


Message History

Natasha stares at you and mumbles some strange words.
You feel yourself slow down.
Natasha drinks a potion.
Natasha flickers and vanishes!
Deactivating autopickup; reactivate with Ctrl-A.
You miss something. Something claws you.
Unknown command.
You miss something. Something claws you but does no damage.
Something claws you. The kobold misses you.
You hit something. You hit the kobold but do no damage. Something claws you.
* * * LOW HITPOINT WARNING * * *
The kobold hits you but does no damage. Something claws you!
* * * LOW HITPOINT WARNING * * *
The kobold hits you but does no damage.
Unknown command.
You aren't carrying any potions.
Unknown command.
You aren't carrying any potions.
Unknown command.
Something claws you.
You die...

.. #. #. #.# ..
#.## #.K#
#########.#
.........@# #
#############..# #
#...........#..# #
#.####.####.#..#
#.#....#..#
#.#.####..##
#.#........#
########.######.#.#
................#.#


You could see a kobold.

Vanquished Creatures
  An adder (D:2)
  2 oozes
  A leopard gecko (D:2)
  A ball python (D:1)
  3 giant cockroaches
  4 goblins
  5 hobgoblins (D:1)
  8 jackals
  7 bats
  5 frilled lizards
  7 kobolds
  9 rats
53 creatures vanquished.

Notes
Turn   | Place    | Note
-------+----------+-------------------------------------------
     0 | Abyss:1  | tyranidshit the Demonspawn Abyssal Knight began the quest for the Orb.
     0 | Abyss:1  | Reached XP level 1. HP: 18/18 MP: 2/2
    32 | Abyss:1  | Noticed a bone dragon
    33 | Abyss:1  | Noticed a large abomination
    40 | Abyss:1  | Noticed a small abomination
    44 | Abyss:1  | Noticed a ynoxinul
    45 | D:1      | Escaped the Abyss
   108 | D:1      | Gained mutation: You are partially covered in slimy green scales. (AC +2) [demonic ancestry]
   108 | D:1      | Reached XP level 2. HP: 18/24 MP: 3/3
   227 | D:1      | Reached * piety under Lugonu
   232 | D:1      | Reached skill level 4 in Fighting
   290 | D:1      | Reached XP level 3. HP: 24/30 MP: 4/4
   484 | D:1      | Reached ** piety under Lugonu
   759 | D:2      | Reached skill level 5 in Fighting
   759 | D:2      | Reached XP level 4. HP: 26/39 MP: 5/5
   802 | D:2      | Noticed Natasha
   806 | D:2      | HP: 1/39 [something (9)]
   807 | D:2      | Slain by Natasha

Skill      XL: |  1  2  3 |
---------------+----------+-----
Fighting       | 4 5 |  5.0
Axes           | |  1.7
Armour         | |  1.7
Dodging        | |  0.8
Invocations    | |  2.4

Action                   |  1- 3 |  4- 6 || total
-------------------------+-------+-------++-------
Melee: Hand axe          |   174 |     6 ||   180
Invok: Depart the Abyss  |     1 |       ||     1
  Use: Potion            |     4 |     1 ||     5
       Scroll            |     3 |       ||     3
Armor: Leather armour    |    87 |     4 ||    91
Dodge: Dodged            |   167 |     2 ||   169
